 Dungeon Crawl Stone Soup version 0.28-b1-25-g9875b3fc8c (webtiles) character file.

Game seed: 676516978267213011

559511 inmateoo the Axe Maniac (level 25, -5/220 (253) HPs)
             Began as a Minotaur Fighter on Feb 6, 2022.
             Was the Champion of the Shining One.
             Killed by the air
             ... invoked by a titan
              (30 damage)
             ... on level 7 of Cocytus.
             The game lasted 01:20:47 (71579 turns).

inmateoo the Axe Maniac (Minotaur Fighter)         Turns: 71579, Time: 01:20:48

HP:   -5/220 (253)  AC: 40    Str: 26 (29) XL:     25   Next: 30%
MP:   0/35          EV: 14    Int:  5      God:    the Shining One [******]
Gold: 4007          SH: 17    Dex: 16      Spells: 24/24 levels left

rFire   + + .      SeeInvis .   Y - +6 broad axe (holy)
rCold   + + +      Faith    .   s - +1 kite shield {rF+}
rNeg    + + +      Spirit   +   w - +0 crystal plate armour {rC+}
rPois   +          Reflect  .   (helmet unavailable)
rElec   +          Harm     .   q - +2 cloak {rPois}
rCorr   .          Rampage  .   C - +0 pair of gloves "Taosh" {rC+}
Will    +++..                   k - +2 pair of boots "Ethriad" {Drain rC+ Will+}
Stlth   ..........              y - amulet "Koxkop" {Spirit rElec Str+4 Dex-2 Slay+2}
HPRegen 0.46/turn               j - ring of willpower
MPRegen 0.24/turn               E - ring of protection from fire

@: glowing, heavily drained, frozen potions, very slow
A: horns 3, retaliatory headbutt, shaggy fur 1, wild magic 1
}: 3/15 runes: serpentine, barnacled, silver
a: Renounce Religion, Divine Shield, Cleansing Flame, Summon Divine Warrior


You were on level 7 of Cocytus.
You worshipped the Shining One.
The Shining One was exalted by your worship.
You visited 12 branches of the dungeon, and saw 52 of its levels.
You visited 1 bazaar.
You also visited: Gauntlet and Ice Cave.

You collected 9534 gold pieces.
You spent 5527 gold pieces at shops.

Inventory:

Hand Weapons
 b - a +2 broad axe of electrocution
 Y - a +6 broad axe of holy wrath (weapon)
Missiles
 o - 5 throwing nets (quivered)
Armour
 k - the +2 pair of boots "Ethriad" (worn) {Drain rC+ Will+}
   (You found it on level 1 of the Crypt)

   rC:        It protects you from cold.
   Drain:     It drains your maximum health when unequipped.
   Will:      It increases your willpower.
 l - the +0 kite shield of Vazxint {Fly Regen+ rCorr}
   (You took it off Asterion on level 1 of the Elven Halls)

   Fly:       It grants you flight.
   Regen:     It increases your rate of health regeneration.
   rCorr:     It protects you from acid and corrosion.
 q - a +2 cloak of poison resistance (worn)
 s - a +1 kite shield of fire resistance (worn)
 w - a +0 crystal plate armour of cold resistance (worn)
 C - the +0 pair of gloves "Taosh" (worn) {rC+}
   (You found it on level 3 of the Elven Halls)

   rC:        It protects you from cold.
 Q - a +1 hat
Jewellery
 j - a ring of willpower (left hand)
 t - a ring of protection from cold
 y - the amulet "Koxkop" (around neck) {Spirit rElec Str+4 Dex-2 Slay+2}
   (You took it off an orc warrior on level 5 of the Vaults)

   [amulet of guardian spirit]

   It causes incoming damage to be divided between your reserves of health and
   magic.
   Str:       It affects your strength (+4).
   Dex:       It affects your dexterity (-2).
   Slay:      It affects your accuracy & damage with ranged weapons and melee
   (+2).
   rElec:     It insulates you from electricity.
 B - a ring of flight
 E - a ring of protection from fire (right hand)
 X - a ring of the Octopus King {rCorr AC+1 EV+1 Str+1 Int+1 Dex+1}
   (You took it off Jorgrun on level 13 of the Dungeon)

   [ring of resist corrosion]

   AC:        It affects your AC (+1).
   EV:        It affects your evasion (+1).
   Str:       It affects your strength (+1).
   Int:       It affects your intelligence (+1).
   Dex:       It affects your dexterity (+1).
   rCorr:     It protects you from acid and corrosion.
Wands
 f - a wand of paralysis (30)
 r - a wand of iceblast (47)
 x - a wand of polymorph (29)
 D - a wand of mindburst (46)
 G - a wand of flame (79)
 H - a wand of acid (15)
 P - a wand of digging (5)
Scrolls
 a - 6 scrolls of enchant armour
 e - 6 scrolls of magic mapping
 u - 20 scrolls of teleportation
 v - 9 scrolls of fear
 I - 3 scrolls of silence
 R - 4 scrolls of amnesia
 T - 6 scrolls of fog
 U - 6 scrolls of holy word
Potions
 c - 4 potions of brilliance
 d - 5 potions of might
 h - 6 potions of mutation
 i - 3 potions of heal wounds
 p - 4 potions of cancellation
 z - 3 potions of magic
 A - 4 potions of resistance
 J - 5 potions of flight
 K - 6 potions of berserk rage
 M - 7 potions of haste
 N - 29 potions of curing
 S - 2 potions of ambrosia


   Skills:
 * Level 25.9 Fighting
 O Level 27 Axes
 + Level 23.7 Armour
 + Level 17.3 Dodging
 + Level 21.3 Shields
 * Level 19.4 Invocations


You had 24 spell levels left.
You didn't know any spells.
Your spell library contained the following spells:

 Spells                   Type           Power      Damage    Failure   Level
 Animate Skeleton         Necr           0%         N/A       100%        1
 Beastly Appendage        Tmut           0%         N/A       100%        1
 Foxfire                  Conj/Fire      0%         2x1d4     100%        1
 Pain                     Necr           0%         1d4       100%        1
 Sting                    Tmut/Pois      0%         1d3       100%        1
 Blink                    Tloc           0%         N/A       100%        2
 Ensorcelled Hibernation  Hex/Ice        0%         N/A       100%        2
 Poisonous Vapours        Pois/Air       0%         N/A       100%        2
 Scorch                   Fire           0%         2d5       100%        2
 Static Discharge         Conj/Air       0%         N/A       100%        2
 Sublimation of Blood     Necr           0%         N/A       100%        2
 Wereblood                Tmut           0%         N/A       100%        2
 Conjure Flame            Conj/Fire      0%         6-21      100%        3
 Frozen Ramparts          Ice            0%         1d2       100%        3
 Ignite Poison            Fire/Tmut/Pois 0%         N/A       100%        3
 Inner Flame              Hex/Fire       0%         N/A       100%        3
 Mephitic Cloud           Conj/Pois/Air  0%         N/A       100%        3
 Ozocubu's Armour         Ice            0%         N/A       100%        3
 Portal Projectile        Hex/Tloc       0%         N/A       100%        3
 Spider Form              Tmut/Pois      0%         N/A       100%        3
 Vampiric Draining        Necr           0%         2d6       100%        3
 Airstrike                Air            0%         N/A       100%        4
 Anguish                  Hex/Necr       0%         N/A       100%        4
 Animate Dead             Necr           0%         N/A       100%        4
 Cause Fear               Hex            0%         N/A       100%        4
 Dispel Undead            Necr           0%         3d6       100%        4
 Flame Wave               Conj/Fire      0%         2d4       100%        4
 Ice Form                 Ice/Tmut       0%         N/A       100%        4
 Olgreb's Toxic Radiance  Pois           0%         N/A       100%        4
 Passage of Golubria      Tloc           0%         N/A       100%        4
 Petrify                  Tmut/Erth      0%         N/A       100%        4
 Sticky Flame             Conj/Fire      0%         2d3       100%        4
 Summon Ice Beast         Ice/Summ       0%         N/A       100%        4
 Summon Lightning Spire   Summ/Air       0%         N/A       100%        4
 Agony                    Necr           0%         N/A       100%        5
 Alistair's Intoxication  Tmut/Pois      0%         N/A       100%        5
 Blade Hands              Tmut           0%         N/A       100%        5
 Borgnjor's Vile Clutch   Necr/Erth      0%         N/A       100%        5
 Excruciating Wounds      Necr           0%         N/A       100%        5
 Freezing Cloud           Conj/Ice/Air   0%         6-21      100%        5
 Irradiate                Conj/Tmut      0%         3d14      100%        5
 Iskenderun's Battlesphe  Conj           0%         2d6       100%        5
 Lightning Bolt           Conj/Air       0%         1d11      100%        5
 Manifold Assault         Tloc           0%         N/A       100%        5
 Metabolic Englaciation   Hex/Ice        0%         N/A       100%        5
 Summon Forest            Summ/Tloc      0%         N/A       100%        5
 Summon Mana Viper        Hex/Summ       0%         N/A       100%        5
 Conjure Ball Lightning   Conj/Air       0%         3x3d6     100%        6
 Death Channel            Necr           0%         N/A       100%        6
 Eringya's Noxious Bog    Tmut/Pois      0%         N/A       100%        6
 Iron Shot                Conj/Erth      0%         9d1       100%        6
 Simulacrum               Ice/Necr       0%         N/A       100%        6
 Statue Form              Tmut/Erth      0%         N/A       100%        6
 Summon Cactus Giant      Summ           0%         N/A       100%        6
 Dragon Form              Tmut           0%         N/A       100%        7
 Spellforged Servitor     Conj/Summ      0%         N/A       100%        7
 Storm Form               Tmut/Air       0%         N/A       100%        7
 Summon Hydra             Summ           0%         N/A       100%        7
 Discord                  Hex            0%         N/A       100%        8
 Disjunction              Tloc           0%         N/A       100%        8
 Maxwell's Capacitive Co  Air            0%         ∞         100%        8
 Dragon's Call            Summ           0%         N/A       100%        9


Dungeon Overview and Level Annotations

Branches:
Dungeon (15/15)            Temple (1/1) D:5            Lair (6/6) D:11
 Shoals (4/4) Lair:2        Snake (4/4) Lair:4          Orc (2/2) D:10
    Elf (3/3) Orc:2        Vaults (5/5) D:13          Crypt (3/3) Vaults:2
   Tomb (1/3) Crypt:3      Depths (0/4) D:15           Hell (visited)
    Dis (0/7) Hell            Geh (0/7) Hell            Coc (7/7) Hell
    Tar (0/7) Hell          IceCv (visited)         Gauntlet (visited)
  Slime: Lair:5-6

Altars:
Ashenzari
Cheibriados
Dithmenos
Elyvilon
Fedhas
Gozag
Hepliaklqana
Kikubaaqudgha
Makhleb
Nemelex Xobeh
Okawaru
Qazlal
Ru
Sif Muna
Trog
Uskayaw
Vehumet
Wu Jian
Xom
Yredelemnul
Zin
The Shining One
Beogh

Shops:
D:4 :   D:5 *?   D:6 *   D:8 ((   Orc:2 [!(*?   Shoals:1 (   Snake:1 =(*!:
Snake:2 =   Snake:3 !   Snake:4 [   Vaults:3 (

Portals:
Hell: Lair:6
Trove: Vaults:1 (give +5 ice dragon scales)

Annotations:
Lair:6 exclusion: 3 oklob plants
Elf:2 3 runed translucent doors


Innate Abilities, Weirdness & Mutations

You have a pair of large horns on your head.
You reflexively headbutt those who attack you in melee.
You are covered in fur. (AC +1)
Your spells are a little harder to cast, but a little more powerful.


Message History

You hear a howl!
You block the water elemental's attack.
A wendigo comes into view.
Your unstable footing causes you to fumble your attack.
You block the water elemental's attack.
A harpy simulacrum comes into view.
Your unstable footing causes you to fumble your attack.
The titan waves its arms in wide circles.
The air twists around and strikes you!!
* * * LOW HITPOINT WARNING * * *
You block the water elemental's attack.
A torrent of water rises up through the elemental wellspring!
The torrent of water hits you!
* * * LOW HITPOINT WARNING * * *
You are knocked back by the torrent of water.
Splash!
The wave splashes down.
The Ice Fiend calls on the powers of darkness!
The titan convulses!
Your body is wracked with pain!
* * * LOW HITPOINT WARNING * * *
You hear a screech!
You hear a howl! x2; You hear a screech! x2
Activating: Cleansing Flame (0% risk of failure)
Press: ? - help, Dir - look around, f - activate The golden flame engulfs you but does no damage.
You resist.
The golden flame engulfs the water elemental!!
You destroy the water elemental!
The water elemental disappears in a puff of smoke!
The golden flame engulfs the elemental wellspring!!
You destroy the elemental wellspring!
Unknown command.
Unknown command.
Unknown command.
A shard shrike simulacrum comes into view.
The Ice Fiend calls on the powers of darkness!
The titan convulses!
Your body is wracked with pain!
* * * LOW HITPOINT WARNING * * *
The titan waves its arms in wide circles.
The air twists around and strikes you!!
You die...

,,,,,≈≈≈≈≈≈≈≈≈≈≈≈≈≈≈≈≈≈≈≈≈≈≈≈,,,,
≈≈,,≈≈≈≈≈≈≈≈≈≈≈≈≈≈≈≈≈≈≈≈≈≈≈≈≈≈,,,
≈≈≈≈≈≈≈≈≈≈≈≈≈≈≈≈≈≈≈≈≈≈≈≈≈≈≈≈≈≈≈≈≈
≈≈≈≈≈≈≈≈≈≈≈≈,,,,,,,,≈≈≈≈≈≈≈≈≈≈≈≈≈
≈≈≈≈≈≈≈≈≈≈,,,,,,,,,,,,≈≈≈≈≈≈≈≈≈≈≈
≈≈≈≈≈≈≈≈≈,,,###+###,,,≈≈≈≈≈≈≈≈≈≈≈
≈≈≈≈≈≈≈≈,,,##.....##,,,≈≈≈≈≈≈≈≈≈≈
≈≈≈≈≈≈≈≈,,,#.....≈≈#,,^≈≈≈≈≈≈≈≈≈≈
≈≈≈≈≈≈≈≈,,,+.≈.∩@≈≈+,,,≈≈≈≈≈≈≈≈≈≈
≈≈≈≈≈≈≈≈,,,#.≈≈≈§≈≈#,,,≈≈≈≈≈≈≈≈≈≈
≈≈≈≈≈≈≈≈,,,##≈.≈C≈##,,,≈≈≈≈≈≈≈≈≈≈
≈≈≈≈≈≈≈≈≈,,,###C###,,,≈≈≈≈≈≈≈≈≈≈≈
≈≈≈≈≈≈≈≈≈≈....Z1≈≈...Z≈≈≈≈≈≈≈≈≈≈≈
≈≈≈≈≈≈≈≈≈≈≈....ZR≈≈≈≈≈≈≈≈≈≈,,,≈≈≈
≈≈≈≈≈≈≈≈≈≈≈≈≈≈≈≈≈≈E≈≈≈≈≈≈≈≈≈,,,≈≈
≈≈≈≈≈≈,,≈≈≈≈≈≈≈≈≈≈≈≈≈≈≈≈≈≈≈≈≈,,≈≈
≈≈≈≈,,≈≈≈≈≈≈≈≈≈≈≈≈≈≈C≈≈≈≈≈≈≈≈≈≈≈≈


You could see 2 titans, an Ice Fiend, a harpy simulacrum and a shard shrike
simulacrum.

Vanquished Creatures
  2 dread liches (Vaults:5)
  Mara (Shoals:3)
  A royal mummy (Tomb:1)
  Sojobo (Crypt:3)
  9 shard shrikes
  Vashnia (Snake:3)
  Saint Roka (Crypt:2)
  Geryon (Hell)
  A golden dragon (Vaults:5)
  Jorgrun (D:13)
  Asterion (Elf:1)
  9 Ice Fiends
  3 tentacled monstrosities
  7 titans
  A tainted leviathan (Hell)
  6 liches
  A quicksilver dragon (Vaults:5)
  2 deep elf blademasters (Elf:3)
  2 deep elf master archers (Elf:3)
  The ghost of Suckerboh the Tortoise, an adept BaMo of Cheibriados (Elf:3)
  A kraken (Shoals:2)
  Frances (Snake:1)
  12 sphinxes
  3 ancient champions
  2 storm dragons (Vaults:5)
  Roxanne (Snake:3)
  3 tengu reavers
  Donald (Shoals:1)
  Ilsuiw (Shoals:2)
  6 revenants
  6 nagarajas
  4 narguns
  A shadow dragon (Vaults:4)
  9 frost giants
  A fire giant (Vaults:5)
  A balrug (Hell)
  16 vault wardens
  2 orc warlords (Vaults:1)
  2 iron dragons
  A cacodemon (Hell)
  8 deep elf sorcerers
  3 curse skulls
  3 ghouls (Crypt:3)
  7 shard shrike simulacra
  4 deep elf elementalists (Elf:3)
  4 very ugly things
  7 reapers
  A broodmother (shapeshifter) (Vaults:5)
  2 stone giants
  23 ironbound preservers
  17 elemental wellsprings
  7 ironbound thunderhulks
  5 war gargoyles
  12 deep elf annihilators
  4 vampire knights
  A lorocyproca (Hell)
  5 putrid mouths (Hell)
  4 entropy weavers
  5 deep elf demonologists
  A spark wasp (shapeshifter) (Vaults:4)
  19 dire elephants
  A minotaur (Gauntlet)
  9 wendigos
  A spectral quicksilver dragon (Crypt:3)
  5 merfolk impalers
  6 eidola
  6 deep elf death magi
  A quicksilver dragon zombie (Crypt:3)
  5 mummy priests (Tomb:1)
  A blizzard demon (Hell)
  7 deep elf high priests
  8 merfolk javelineers
  9 jiangshi
  Josephine (D:10)
  7 ettins
  9 yaktaur captains
  4 crystal guardians
  A spectral spriggan (Crypt:3)
  4 great orbs of eyes
  41 vault guards
  A spectral fenstrider witch (Crypt:3)
  Harold (D:7)
  10 ironbound frosthearts
  A spectral shadow dragon (Crypt:3)
  12 naga warriors
  10 caustic shrike simulacra
  4 peacekeepers
  5 salamander tyrants (Snake:4)
  5 boulder beetles
  A spriggan skeleton (Crypt:3)
  An ogre mage (Vaults:5)
  18 hydras
  16 anacondas
  2 catoblepae
  A merfolk avatar (Shoals:2)
  2 death knights
  5 merfolk aquamancers
  4 juggernaut simulacra
  An alligator snapping turtle (Shoals:2)
  11 centaur warriors
  A titan zombie (Crypt:2)
  7 death yaks
  22 dancing weapons
  6 two-headed ogres
  4 vampire magi
  2 deep troll earth magi
  A spectral dire elephant (Crypt:3)
  4 tengu warriors
  6 shock serpents
  3 orc high priests (Orc:2)
  Urug (D:13)
  8 naga sharpshooters
  2 soul eaters (Crypt:2)
  7 hell knights (Vaults:1)
  7 sun demons
  A spectral storm dragon (Crypt:3)
  A titan skeleton (Tomb:1)
  11 deep elf knights
  30 skeletal warriors
  16 shadow wraiths (Crypt:3)
  19 sea snakes
  51 deep trolls
  5 salamander mystics
  A bunyip zombie (Hell)
  An iron troll (Hell)
  3 flayed ghosts
  A sixfirhy (Hell)
  A kraken simulacrum (Shoals:4)
  15 deep elf archers
  11 wizards
  4 quicksilver dragon simulacra
  A tengu zombie (Vaults:3)
  8 naga ritualists
  A glowing orange brain (Vaults:4)
  20 lindwurms
  3 obsidian statues
  29 ironbound convokers
  A bog body (Crypt:3)
  10 orc knights
  A shadow dragon zombie (Crypt:2)
  7 spriggan simulacra
  8 necromancers
  23 deep elf pyromancers
  34 phantasmal warriors
  15 harpies
  A fenstrider witch simulacrum (Coc:1)
  4 mana vipers
  2 anaconda skeletons
  25 deep elf zephyrmancers
  10 orc sorcerers
  An oklob plant (Lair:3)
  33 ugly things
  A shadow dragon skeleton (Tomb:1)
  13 manticores
  14 salamanders
  4 cyclopes
  A worldbinder (Gauntlet)
  2 stone giant skeletons
  8 merfolk sirens
  10 fauns
  11 naga magi
  29 black mambas
  7 elephants
  18 vault sentinels
  3 titan simulacra
  3 storm dragon simulacra
  2 unseen horrors
  5 molten gargoyles
  3 torpor snails
  2 rust devils (Hell)
  5 water nymphs
  4 gargoyles
  A yaktaur zombie (Vaults:3)
  4 smoke demons (Hell)
  6 hellions
  A death yak zombie (Crypt:1)
  2 orange demons (Lair:6)
  3 cane toads
  The ghost of Galthrax the Conjurer, a novice DrCj of Vehumet (D:6)
  An orb spider zombie (Crypt:3)
  9 rime drakes
  2 efreet
  9 komodo dragons
  27 yaktaurs
  5 kobold demonologists (D:13)
  A yellow draconian zombie (Crypt:1)
  A sea snake zombie (Hell)
  A tengu conjurer (D:14)
  7 anaconda simulacra
  11 guardian mummies (Tomb:1)
  27 freezing wraiths
  11 ice devils
  A bunyip simulacrum (Coc:1)
  2 tormentors
  A hellwing (Lair:6)
  A grey draconian skeleton (Crypt:2)
  A yellow draconian skeleton (Crypt:2)
  7 trolls
  2 red devils (Lair:6)
  A golden dragon simulacrum (IceCv)
  2 iron giant simulacra
  19 merfolk
  A polar bear (Lair:4)
  A meliai (D:13)
  8 wind drakes
  A harpy skeleton (Tomb:1)
  2 hydra skeletons (Hell)
  A blink frog (shapeshifter) (D:14)
  22 slime creatures
  9 blink frogs
  An ettin zombie (Vaults:3)
  2 iron dragon simulacra
  A dream sheep (Lair:2)
  A fire dragon skeleton (Crypt:2)
  A spectral swamp dragon (Crypt:3)
  2 centaur simulacra
  2 stone giant simulacra
  A jumping spider (shapeshifter) (Elf:3)
  7 snapping turtles
  A culicivora (shapeshifter) (D:14)
  A spriggan (shapeshifter) (D:13)
  14 flying skulls
  7 ushabtiu (Tomb:1)
  A meliai zombie (D:15)
  A vampire (D:10)
  11 wraiths
  2 culicivoras
  12 water elementals
  An air elemental (Elf:1)
  15 shadows
  11 dire elephant simulacra
  50 yaks
  An alligator skeleton (Hell)
  A fire elemental (Elf:2)
  A wyvern (Lair:6)
  7 basilisks
  2 alligator snapping turtle simulacra
  12 vampire mosquitoes
  A steam dragon (D:8)
  A minotaur simulacrum (IceCv)
  A naga (shapeshifter) (Elf:1)
  18 harpy simulacra
  15 water moccasins
  3 wargs
  34 nagas
  3 acid dragons
  4 hydra simulacra
  3 hell hounds (Lair:6)
  A hornet zombie (D:15)
  An ice beast (D:5)
  3 black bears
  27 orc warriors
  A swamp dragon zombie (Crypt:3)
  2 ettin simulacra
  3 ogres
  3 alligator simulacra
  2 necrophages (D:7)
  4 boggarts
  32 wolves
  A lindwurm skeleton (Crypt:1)
  A phantom (D:7)
  18 centaurs
  2 kobold brigands
  An earth elemental (Elf:2)
  16 bullfrogs
  2 deep troll simulacra (IceCv)
  A glowing shapeshifter simulacrum (Vaults:3)
  2 human skeletons (Vaults:3)
  2 naga simulacra
  A komodo dragon skeleton (Crypt:1)
  6 gnoll sergeants
  4 scorpions
  A water moccasin skeleton (D:4)
  A wyvern skeleton (Crypt:2)
  2 polar bear zombies (Crypt:3)
  6 lindwurm simulacra (IceCv)
  A human simulacrum (Vaults:3)
  12 killer bees
  4 wights (D:9)
  4 howler monkeys
  2 raiju skeletons
  4 electric eels (D:11)
  4 hounds
  6 centaur zombies
  3 jellies
  15 orc priests
  A bullfrog skeleton (D:4)
  Crazy Yiuf (D:3)
  4 centaur skeletons
  2 gnoll shamans
  Terence (D:1)
  An iguana (D:5)
  A hell rat (Lair:6)
  23 orc wizards
  A killer bee zombie (Crypt:3)
  A hound zombie (Crypt:1)
  14 mummies (Tomb:1)
  2 howler monkey zombies
  33 gnolls
  5 adders
  A shadow imp (D:7)
  A white imp (D:7)
  An ufetubus (D:6)
  An iguana zombie (Crypt:2)
  2 adder skeletons
  A lava snake skeleton (Crypt:2)
  4 worms
  67 orcs
  5 bats
  14 endoplasms
  4 giant cockroaches
  7 goblins
  9 hobgoblins
  4 quokkas
  10 ball pythons
  2 frilled lizards (D:1)
  A goblin zombie (Crypt:3)
  15 kobolds
  An orc zombie (Crypt:1)
  6 rats
  A starspawn tentacle (Snake:3)
  4 tentacles
2055 creatures vanquished.

Vanquished Creatures (collateral kills)
  Rupert (Snake:1)
  Mlioglotl (Snake:3)
  A merfolk (Shoals:3)
  A harpy simulacrum (Coc:4)
4 creatures vanquished.

Vanquished Creatures (others)
  A deep elf master archer (Elf:3)
  A sphinx (Tomb:1)
  A frost giant (Coc:2)
  A fire giant (Vaults:5)
  A merfolk impaler (Shoals:3)
  2 merfolk aquamancers (Shoals:4)
  A quicksilver dragon simulacrum (Coc:7)
  A deep elf pyromancer (Elf:3)
  A molten gargoyle (Gauntlet)
  An anaconda simulacrum (Coc:1)
  A centaur simulacrum (Coc:1)
  A dire elephant simulacrum (Coc:1)
  A naga simulacrum (Coc:7)
  A harpy simulacrum (Coc:3)
  An ettin simulacrum (Coc:7)
  18 demonic plants (Gauntlet)
  34 fungi
  76 plants
  A starspawn tentacle (Snake:3)
  9 tentacles
154 creatures vanquished.

Grand Total: 2213 creatures vanquished

Notes
Turn   | Place    | Note
-------+----------+-------------------------------------------
     0 | D:1      | inmateoo the Minotaur Fighter began the quest for the Orb.
     0 | D:1      | Reached XP level 1. HP: 19/19 MP: 0/0
   145 | D:1      | Reached XP level 2. HP: 27/27 MP: 1/1
   198 | D:1      | Reached skill level 3 in Axes
   418 | D:1      | Reached XP level 3. HP: 33/33 MP: 2/2
   955 | D:2      | Reached XP level 4. HP: 36/40 MP: 3/3
  1156 | D:2      | Noticed Terence
  1208 | D:1      | Reached skill level 4 in Axes
  1655 | D:2      | Found a faded altar of an unknown god.
  1794 | D:1      | Killed Terence
  2096 | D:2      | Reached XP level 5. HP: 41/47 MP: 4/4
  3454 | D:3      | Reached skill level 5 in Axes
  3570 | D:3      | Found a runed translucent door.
  3571 | D:3      | Noticed Crazy Yiuf
  3666 | D:2      | Reached XP level 6. HP: 46/55 MP: 5/5
  3716 | D:2      | Reached skill level 5 in Armour
  3810 | D:3      | Reached skill level 5 in Shields
  3922 | D:2      | Identified 3 scrolls of acquirement
  3922 | D:2      | Acquired the +9 hand axe "Untuick" {vamp, rF+++ Str-3
                  | Int+5}
  4133 | D:3      | Killed Crazy Yiuf
  4134 | D:3      | Reached skill level 5 in Fighting
  4221 | D:4      | Identified the +4 ring mail "Mucrith" {rC+ rN++ rCorr
                  | Int-2}
  4389 | D:4      | Found Ocen's Book Shop.
  4439 | D:4      | Identified the +0 robe of Defence {Str+5 Dex-5}
  4455 | D:4      | Reached skill level 6 in Axes
  4457 | D:4      | Reached XP level 7. HP: 60/61 MP: 6/6
  4466 | D:4      | Found a burning altar of Makhleb.
  5161 | D:4      | Reached skill level 7 in Axes
  5249 | D:5      | Entered Level 5 of the Dungeon
  5291 | D:5      | Reached XP level 8. HP: 50/70 MP: 7/7
  5495 | D:5      | Reached skill level 8 in Axes
  5512 | D:5      | Found Arijuerr's Magic Scroll Emporium.
  5528 | D:5      | Bought a scroll of identify for 24 gold pieces
  5528 | D:5      | Bought a scroll of teleportation for 36 gold pieces
  5528 | D:5      | Bought a scroll of teleportation for 36 gold pieces
  5528 | D:5      | Bought a scroll of enchant armour for 90 gold pieces
  5528 | D:5      | Bought a scroll of fear for 42 gold pieces
  5727 | D:5      | Found Zafyel's Fire Supplies.
  5733 | D:5      | Bought a +1 kite shield of fire resistance for 231 gold
                  | pieces
  5932 | D:5      | Found a staircase to the Ecumenical Temple.
  5946 | Temple   | Entered the Ecumenical Temple
  6279 | D:6      | Found a transporter.
  6289 | D:6      | Noticed Galthrax's ghost (novice DrCj)
  6289 | D:6      | Identified the +9 trident of Vyurchoby {vamp, rF+ rCorr
                  | Int+4}
  6379 | D:6      | Noticed a gargoyle
  6396 | D:6      | Killed a gargoyle
  6397 | D:6      | Reached skill level 9 in Axes
  6720 | D:6      | Found a transporter.
  6752 | D:6      | Reached XP level 9. HP: 79/79 MP: 8/8
  7064 | D:6      | Found Oma Worph's Assorted Antiques.
  7279 | D:6      | Paralysed by a gnoll for 3 turns
  7627 | D:6      | Killed Galthrax's ghost
  7628 | D:6      | Reached skill level 10 in Axes
  8087 | D:7      | Reached skill level 11 in Axes
  8857 | D:7      | Noticed Harold
  8875 | D:7      | Killed Harold
  8876 | D:7      | Reached skill level 12 in Axes
  8876 | D:7      | Reached XP level 10. HP: 57/90 MP: 9/9
  9119 | D:8      | Found Bekhaysm's Weapon Shoppe.
  9281 | D:8      | Found Pamah's Antique Weapon Shoppe.
 10625 | D:9      | Reached skill level 13 in Axes
 11218 | D:9      | Reached skill level 14 in Axes
 11320 | D:10     | Entered Level 10 of the Dungeon
 11390 | D:10     | Reached skill level 15 in Axes
 11527 | D:10     | Found a staircase to the Orcish Mines.
 11562 | D:10     | Reached XP level 11. HP: 66/99 MP: 10/10
 11622 | D:10     | Noticed a two-headed ogre
 11625 | D:10     | Killed a two-headed ogre
 11626 | D:10     | Reached skill level 10 in Armour
 11626 | D:10     | Reached skill level 10 in Shields
 11816 | D:10     | Reached skill level 10 in Fighting
 11865 | D:10     | Reached skill level 16 in Axes
 11964 | D:11     | Noticed Josephine
 11964 | D:11     | Noticed a boulder beetle
 12002 | D:10     | Killed a boulder beetle
 12032 | D:11     | Noticed a two-headed ogre
 12047 | D:10     | Killed a two-headed ogre
 12356 | D:11     | Reached skill level 17 in Axes
 12369 | D:10     | Killed Josephine
 12948 | D:11     | Noticed a brown ugly thing
 12971 | D:11     | Killed a brown ugly thing
 12972 | D:11     | Reached skill level 1 in Dodging
 13017 | D:11     | Found a staircase to the Lair.
 13510 | D:12     | Noticed a two-headed ogre
 13510 | D:12     | Noticed a boulder beetle
 13518 | D:12     | Killed a two-headed ogre
 13519 | D:12     | Reached XP level 12. HP: 110/110 MP: 11/11
 13558 | D:12     | Killed a boulder beetle
 13774 | D:12     | Reached skill level 18 in Axes
 13956 | D:12     | Noticed a boulder beetle
 13981 | D:12     | Killed a boulder beetle
 14909 | D:13     | Noticed a catoblepas
 15008 | Lair:1   | Entered Level 1 of the Lair of Beasts
 15205 | Lair:1   | Noticed a five-headed hydra
 15216 | Lair:1   | Killed a two-headed hydra
 15352 | Lair:1   | Noticed an eight-headed hydra
 15364 | Lair:1   | Killed a seven-headed hydra
 16294 | Lair:2   | Found a staircase to the Shoals.
 16569 | Lair:2   | Reached skill level 19 in Axes
 16638 | Lair:2   | You fall into a shaft and drop 2 floors!
 16658 | Lair:4   | Reached XP level 13. HP: 117/118 MP: 12/12
 16971 | Lair:4   | Reached skill level 5 in Dodging
 16984 | Lair:4   | Found a staircase to the Snake Pit.
 17636 | Lair:5   | Found a gate leading to a gauntlet.
 17645 | Gauntlet | Entered a Gauntlet
 17645 | Gauntlet | Found a transporter.
 17645 | Gauntlet | Found a transporter.
 17649 | Gauntlet | Found a transporter.
 17649 | Gauntlet | Found a transporter.
 17658 | Gauntlet | Found a transporter.
 17677 | Gauntlet | Found a transporter.
 17687 | Gauntlet | Found a transporter.
 17687 | Gauntlet | Found a transporter.
 17711 | Gauntlet | Found a transporter.
 17718 | Gauntlet | Found a transporter.
 17730 | Gauntlet | Found a transporter.
 17768 | Gauntlet | Found a transporter.
 17782 | Gauntlet | Found a transporter.
 17800 | Gauntlet | Found a transporter.
 17899 | Gauntlet | Found a transporter.
 17915 | Gauntlet | Found a transporter.
 18104 | Gauntlet | Identified the ring of Buhefoq {Drain rPois rF+ Int+4}
 18252 | Gauntlet | Identified the +9 long sword of Subterfuge {vamp, Fragile
                  | rC+ Int+8 Dex+2}
 18252 | Gauntlet | Noticed a minotaur
 18274 | Gauntlet | Killed a minotaur
 18386 | Lair:5   | Reached skill level 20 in Axes
 18743 | Lair:3   | Found a burning altar of Makhleb.
 19946 | Lair:2   | Reached XP level 14. HP: 122/129 MP: 13/13
 20609 | Lair:6   | Entered Level 6 of the Lair of Beasts
 21356 | Lair:6   | Reached skill level 21 in Axes
 21610 | Lair:6   | Found a burning altar of Makhleb.
 21686 | Lair:6   | Found a gateway to Hell.
 22142 | D:13     | Noticed Jorgrun
 22711 | D:13     | Found the ring of the Octopus King {rCorr AC+1 EV+1 Str+1
                  | Int+1 Dex+1}
 22727 | D:13     | Killed Jorgrun
 22735 | D:13     | Noticed Urug
 22747 | D:13     | Killed Urug
 22872 | D:13     | Reached XP level 15. HP: 111/139 MP: 14/14
 22957 | D:13     | Acquired 546 gold pieces
 22960 | D:13     | Acquired 709 gold pieces
 22997 | D:13     | Found a gate to the Vaults.
 24582 | Temple   | Became a worshipper of the Shining One
 24798 | Orc:1    | Entered Level 1 of the Orcish Mines
 25012 | Orc:1    | Found an iron altar of Okawaru.
 25067 | Orc:1    | Reached skill level 1 in Invocations
 25324 | Orc:2    | Entered Level 2 of the Orcish Mines
 25333 | Orc:2    | Found a staircase to the Elven Halls.
 25347 | Orc:2    | Found Erurgh's Magic Scroll Boutique.
 25357 | Orc:2    | Bought a scroll of fear for 56 gold pieces
 25357 | Orc:2    | Bought a scroll of teleportation for 48 gold pieces
 25357 | Orc:2    | Bought a scroll of teleportation for 48 gold pieces
 25472 | Orc:2    | Reached * piety under the Shining One
 25732 | Orc:2    | Found Ylioh's Antique Weapon Shop.
 25732 | Orc:2    | Found Sytutuff's General Store.
 25734 | Orc:2    | Found Evodaxzamo's Antique Armour Shop.
 25734 | Orc:2    | Found Ughaoxta's Distillery.
 25743 | Orc:2    | Bought a potion of heal wounds for 65 gold pieces
 25743 | Orc:2    | Bought 2 potions of curing for 78 gold pieces
 25743 | Orc:2    | Bought 2 potions of curing for 78 gold pieces
 25743 | Orc:2    | Bought a potion of mutation for 104 gold pieces
 25743 | Orc:2    | Bought 2 potions of berserk rage for 130 gold pieces
 25743 | Orc:2    | Bought a potion of ambrosia for 104 gold pieces
 25745 | Orc:2    | Bought a scroll of summoning for 114 gold pieces
 25745 | Orc:2    | Bought a scroll of fear for 42 gold pieces
 25891 | Orc:2    | Reached skill level 22 in Axes
 26318 | D:14     | Found a frozen archway.
 26329 | D:14     | Reached ** piety under the Shining One
 26369 | IceCv    | Entered an ice cave
 26372 | IceCv    | Reached skill level 15 in Fighting
 26405 | IceCv    | Reached *** piety under the Shining One
 26538 | IceCv    | Found an ancient bone altar of Kikubaaqudgha.
 26538 | IceCv    | Reached **** piety under the Shining One
 26670 | IceCv    | Reached skill level 15 in Armour
 26682 | IceCv    | Noticed a lich
 26683 | IceCv    | Reached ***** piety under the Shining One
 26693 | IceCv    | Killed a lich
 27279 | D:14     | Reached skill level 15 in Shields
 27483 | D:15     | Entered Level 15 of the Dungeon
 27510 | D:15     | Reached XP level 16. HP: 140/149 MP: 18/18
 27580 | D:15     | Reached skill level 5 in Invocations
 28195 | D:15     | Found a staircase to the Depths.
 28316 | D:15     | Reached skill level 10 in Dodging
 28316 | D:15     | Reached XP level 17. HP: 158/158 MP: 20/20
 28472 | Snake:1  | Entered Level 1 of the Snake Pit
 28537 | Snake:1  | Found Atoocire's Antique Weapon Emporium.
 28539 | Snake:1  | Found Weribisa's Distillery.
 28539 | Snake:1  | Found Itwan's Assorted Antiques.
 28544 | Snake:1  | Found Plog's Book Shoppe.
 28547 | Snake:1  | Bought a potion of curing for 105 gold pieces
 28547 | Snake:1  | Bought a scroll of teleportation for 105 gold pieces
 28547 | Snake:1  | Bought a bronze ring for 175 gold pieces
 28575 | Snake:1  | Bought a potion of resistance for 170 gold pieces
 28575 | Snake:1  | Bought a potion of heal wounds for 85 gold pieces
 28575 | Snake:1  | Bought a potion of curing for 51 gold pieces
 28575 | Snake:1  | Bought a potion of mutation for 136 gold pieces
 28575 | Snake:1  | Bought a potion of haste for 170 gold pieces
 28575 | Snake:1  | Bought 2 potions of heal wounds for 170 gold pieces
 28575 | Snake:1  | Bought a potion of curing for 51 gold pieces
 29473 | Snake:1  | Reached skill level 23 in Axes
 29688 | Snake:1  | Noticed Frances
 29694 | Snake:1  | Killed Frances
 29701 | Snake:1  | Noticed Rupert
 29711 | Snake:1  | Killed Rupert
 30129 | Snake:1  | Found Kicy's Jewellery Shoppe.
 30138 | Snake:1  | Bought the ring of Scepticism {rElec Slay+4} for 1104 gold
                  | pieces
 31165 | Snake:2  | Found Mehucomp's Jewellery Emporium.
 31466 | Snake:2  | Bought a ring of willpower for 350 gold pieces
 31534 | Snake:3  | Noticed Mlioglotl
 31553 | Snake:3  | Killed Mlioglotl
 32113 | Snake:3  | Noticed Vashnia
 32128 | Snake:3  | Killed Vashnia
 32679 | Snake:3  | Identified Roxanne's Handbook of Shape Shifting
 32679 | Snake:3  | Noticed Roxanne
 32719 | Snake:3  | Reached XP level 18. HP: 159/169 MP: 23/23
 32993 | Snake:3  | Found Muntomoi's Distillery.
 33001 | Snake:3  | Bought a potion of mutation for 104 gold pieces
 33001 | Snake:3  | Bought a potion of heal wounds for 65 gold pieces
 33001 | Snake:3  | Bought 2 potions of curing for 78 gold pieces
 33174 | Snake:3  | Killed Roxanne
 33293 | Snake:4  | Entered Level 4 of the Snake Pit
 34074 | Shoals:1 | Entered Level 1 of the Shoals
 34105 | Shoals:1 | Noticed Donald
 34116 | Shoals:1 | Killed Donald
 34130 | Shoals:1 | Found Mehupas's Antique Weapon Emporium.
 35345 | Shoals:2 | Noticed Ilsuiw
 35371 | Shoals:2 | Killed Ilsuiw
 36724 | Shoals:3 | Reached ****** piety under the Shining One
 37002 | Shoals:4 | Entered Level 4 of the Shoals
 37089 | Shoals:4 | Noticed Mara
 37116 | Shoals:4 | Noticed inmateoo's illusion
 37277 | Shoals:4 | Noticed inmateoo's illusion
 37370 | Shoals:3 | Noticed inmateoo's illusion
 37908 | Shoals:3 | Noticed inmateoo's illusion
 38202 | Shoals:3 | Killed Mara
 38203 | Shoals:3 | Reached skill level 24 in Axes
 39273 | Shoals:4 | Reached skill level 10 in Invocations
 39783 | Shoals:4 | Reached XP level 19. HP: 52/180 MP: 25/25
 40197 | Shoals:4 | Got a barnacled rune of Zot
 40589 | Vaults:1 | Entered Level 1 of the Vaults
 40702 | Vaults:1 | Identified a +4 broad axe of holy wrath (a +2 vorpal broad
                  | axe blessed by the Shining One)
 40702 | Vaults:1 | Received a gift from the Shining One
 42845 | Vaults:1 | Found a portal to a secret trove of treasure.
 44461 | Vaults:2 | Reached skill level 25 in Axes
 44542 | Vaults:2 | You fall into a shaft and drop 2 floors!
 44546 | Vaults:4 | Acquired 916 gold pieces
 44595 | Vaults:4 | Reached XP level 20. HP: 136/192 MP: 27/27
 45350 | Vaults:4 | Identified the +3 buckler of Insatiable Hunger {-Tele rPois
                  | Str+3 Int+2 Dex+3}
 46094 | Vaults:2 | Found a staircase to the Crypt.
 46094 | Vaults:2 | Found an ancient bone altar of Kikubaaqudgha.
 46095 | Vaults:2 | Found a basalt altar of Yredelemnul.
 48405 | Vaults:3 | Found Caprueno's Antique Weapon Shop.
 48763 | Vaults:3 | Reached XP level 21. HP: 151/202 MP: 28/30
 49080 | Crypt:1  | Entered Level 1 of the Crypt
 49278 | Crypt:1  | Acquired a manual of Armour
 49404 | Crypt:1  | Reached skill level 26 in Axes
 49725 | Crypt:1  | Identified the +2 pair of boots "Ethriad" {Drain rC+ Will+}
 50766 | Crypt:3  | Entered Level 3 of the Crypt
 50781 | Crypt:3  | Noticed Sojobo
 50790 | Crypt:3  | Killed Sojobo
 50795 | Crypt:3  | Noticed Saint Roka
 51289 | Crypt:2  | Killed Saint Roka
 51674 | Crypt:3  | Found an ancient bone altar of Kikubaaqudgha.
 51976 | Crypt:3  | Found a staircase to the Tomb.
 52268 | Crypt:3  | Reached XP level 22. HP: 215/215 MP: 31/31
 52817 | Crypt:3  | Found the +7 sceptre of Torment {pain, torment}
 53253 | Elf:1    | Entered Level 1 of the Elven Halls
 53310 | Elf:1    | Identified the +0 kite shield of Vazxint {Fly Regen+ rCorr}
 53310 | Elf:1    | Noticed Asterion
 53327 | Elf:1    | Killed Asterion
 53378 | Orc:2    | Reached skill level 15 in Invocations
 54372 | Elf:1    | Found a gateway to a bazaar.
 54388 | Bazaar   | Entered a bazaar
 54422 | Bazaar   | Found Veplu's Magic Scroll Emporium.
 54422 | Bazaar   | Found Moumifiz's Distillery.
 54427 | Bazaar   | Bought a scroll of enchant weapon for 82 gold pieces
 54427 | Bazaar   | Bought a scroll of enchant weapon for 82 gold pieces
 54427 | Bazaar   | Bought a scroll of enchant armour for 82 gold pieces
 54427 | Bazaar   | Bought a scroll of blinking for 82 gold pieces
 54433 | Bazaar   | Bought a potion of haste for 130 gold pieces
 54433 | Bazaar   | Bought a potion of haste for 130 gold pieces
 54433 | Bazaar   | Bought a potion of heal wounds for 65 gold pieces
 54433 | Bazaar   | Bought a potion of cancellation for 104 gold pieces
 54433 | Bazaar   | Bought a potion of curing for 39 gold pieces
 54444 | Bazaar   | Found Omugolisur's General Store.
 54444 | Bazaar   | Found Bippe's Book Shoppe.
 54449 | Bazaar   | Bought a scroll of teleportation for 33 gold pieces
 54449 | Bazaar   | Bought a +2 pair of gloves of stealth for 236 gold pieces
 54477 | Bazaar   | Found Tyimemm's Weapon Emporium.
 54477 | Bazaar   | Found Neareih's Book Shoppe.
 55253 | Elf:2    | Reached skill level 27 in Axes
 55537 | Elf:2    | Found a runed translucent gate.
 55538 | Elf:2    | Found a runed translucent gate.
 55538 | Elf:2    | Found a runed translucent gate.
 55712 | Elf:3    | Entered Level 3 of the Elven Halls
 55859 | Elf:3    | Found a runed translucent door.
 55859 | Elf:3    | Found a shimmering altar of Xom.
 55859 | Elf:3    | Noticed Suckerboh's ghost (adept BaMo)
 55868 | Elf:3    | Identified the +1 robe "Deus" {SInv}
 56044 | Elf:3    | Identified the ring "Regol Caot" {rC- Will+ rCorr Str+6
                  | SInv}
 57060 | Elf:3    | Reached skill level 15 in Dodging
 57285 | Elf:3    | Identified the +9 mace of Hubris {venom, Will+ Dex+4}
 57291 | Elf:3    | Identified the +6 long sword "Xeusch" {spect, Contam Str+8
                  | Int-5 Dex+2}
 57473 | Elf:3    | Identified the +0 pair of gloves "Taosh" {rC+}
 57791 | Elf:3    | Killed Suckerboh's ghost
 57798 | Elf:3    | Got the Almanac of Lightness and the Traveller
 58397 | Snake:4  | Reached XP level 23. HP: 225/225 MP: 34/34
 59007 | Snake:4  | Got a serpentine rune of Zot
 59347 | Snake:4  | Found Kank's Antique Armour Shop.
 59358 | Snake:4  | Bought a pair of glowing gloves for 217 gold pieces
 60020 | Vaults:5 | Entered Level 5 of the Vaults
 61636 | Vaults:5 | Identified the amulet "Koxkop" {Spirit rElec Str+4 Dex-2
                  | Slay+2}
 61792 | Vaults:5 | Noticed a dread lich
 61803 | Vaults:5 | Killed a dread lich
 62350 | Vaults:5 | Got a silver rune of Zot
 63162 | Vaults:5 | Identified the +8 war axe "Mutuu" {drain, rPois rC- Will+
                  | Dex+4}
 63202 | Vaults:5 | Identified the amulet of Denusuas {Acrobat rF+}
 63283 | Vaults:5 | Noticed a dread lich
 63288 | Vaults:5 | Killed a dread lich
 63304 | Vaults:5 | Reached XP level 24. HP: 217/238 MP: 32/34
 63604 | Vaults:5 | Identified the +6 hand axe of Yrghif {venom, *Slow Str+3
                  | Int+6}
 64096 | Hell     | Entered the Vestibule of Hell
 64096 | Hell     | Noticed Geryon
 64134 | Hell     | Killed Geryon
 64172 | Hell     | Found a gateway to the Iron City of Dis.
 64369 | Hell     | Found a gateway to the ashen valley of Gehenna.
 64520 | Hell     | Gained mutation: You tend to lose your temper in combat. [a
                  | cacodemon]
 64642 | Hell     | Found a gateway to the decaying netherworld of Tartarus.
 64656 | Hell     | Found a gateway to the freezing wastes of Cocytus.
 64829 | Coc:1    | Entered Level 1 of Cocytus
 65185 | Hell     | Lost mutation: You tend to lose your temper in combat.
                  | [potion of mutation]
 65185 | Hell     | Gained mutation: You tend to lose your temper in combat.
                  | [potion of mutation]
 65186 | Hell     | Lost mutation: You tend to lose your temper in combat.
                  | [potion of mutation]
 65186 | Hell     | Gained mutation: Your body sometimes deteriorates upon
                  | taking damage. [potion of mutation]
 65186 | Hell     | Gained mutation: You have a pair of large horns on your
                  | head. [potion of mutation]
 65187 | Hell     | Lost mutation: You have a pair of large horns on your head.
                  | [potion of mutation]
 65187 | Hell     | Lost mutation: Your body sometimes deteriorates upon taking
                  | damage. [potion of mutation]
 65187 | Hell     | Gained mutation: You sometimes lose the ability to read
                  | scrolls when taking damage. [potion of mutation]
 65188 | Hell     | Lost mutation: You sometimes lose the ability to read
                  | scrolls when taking damage. [potion of mutation]
 65188 | Hell     | Gained mutation: Your spells are a little harder to cast,
                  | but a little more powerful. [potion of mutation]
 65188 | Hell     | Gained mutation: You are covered in fur. (AC +1) [potion of
                  | mutation]
 65188 | Hell     | Gained mutation: You have a pair of large horns on your
                  | head. [potion of mutation]
 65747 | Coc:4    | Noticed a shard shrike
 65747 | Coc:4    | Noticed a shard shrike
 65756 | Coc:4    | Killed a shard shrike
 65773 | Coc:4    | Killed a shard shrike
 66353 | Coc:5    | Noticed a shard shrike
 66370 | Coc:5    | Noticed a shard shrike
 66380 | Coc:5    | Killed a shard shrike
 66382 | Coc:5    | Killed a shard shrike
 66398 | Coc:5    | Noticed a shard shrike
 66399 | Coc:5    | Noticed a shard shrike
 66409 | Coc:5    | Killed a shard shrike
 66415 | Coc:5    | Killed a shard shrike
 66420 | Coc:5    | Noticed a shard shrike
 66428 | Coc:5    | Noticed a shard shrike
 67227 | Coc:5    | Killed a shard shrike
 67228 | Coc:5    | Killed a shard shrike
 67489 | Coc:6    | Noticed a shard shrike
 67497 | Coc:6    | Killed a shard shrike
 68482 | Coc:7    | Entered Level 7 of Cocytus
 69056 | Tomb:1   | Entered Level 1 of the Tomb of the Ancients
 69076 | Tomb:1   | Reached XP level 25. HP: 191/194 MP: 35/35
 69326 | Tomb:1   | Noticed a royal mummy
 69334 | Tomb:1   | Killed a royal mummy
 71142 | Coc:7    | Paralysed by a wendigo for 1 turns
 71547 | Coc:7    | Paralysed by a wendigo for 1 turns
 71579 | Coc:7    | Killed from afar by a titan

Illustrated notes

Levels and vault maps discovered:
D:1:      nicolae_arrival_memento_mori, layout_basic, minmay_distorted
D:2:      layout_loops_ring, shapermc_ecumenical_altar_ellora,
          kennysheep_generic_room_15, uniq_terence
D:3:      layout_rooms, uniq_crazy_yiuf_cottage
D:4:      minmay_polygon_palace, layout_loops_ring,
          mainiacjoe_overflow_brackets, serial_shops, shop
D:5:      layout_rooms, minmay_temple_entry_statues_fountains, serial_shops,
          nicolae_shop_hallway_stairs, nicolae_shop_fire_sale
          [nicolae_sub_dead_trees], minmay_misc_feat_nine_boxes
D:6:      layout_loops_corners, gammafunk_ghost_gnarly_gnolls, serial_shops,
          shop_fountains
D:7:      kennysheep_six_static_rooms, layout_layer_cave, uniq_harold
D:8:      layout_basic, serial_shops, nicolae_shop_bloodbath_and_beyond,
          nicolae_inconvenience_store, minmay_misc_feat_roman
D:9:      layout_stronghold
D:10:     layout_roguey, david_orc_2
D:11:     layout_big_octagon, uniq_josephine
D:12:     layout_loops_ring
D:13:     minmay_skewed_foursquare, layout_layer_cave,
          lightli_vaults_fourway_checkpoint, uniq_jorgrun, uniq_urug
D:14:     layout_irregular_city, portal_ice_cave_entry_pillars_1, abandoned_shop
D:15:     grunt_enter_depths_magical_seal, layout_irregular_city,
          chequers_serial_rivers_micro_a
Temple:   mainiacjoe_temple_archimedes_tessellation
Lair:1:   layout_gridlike, serial_rivers, chequers_serial_rivers_small_b,
          chequers_serial_rivers_room_b, chequers_serial_rivers_large_a,
          chequers_serial_rivers_small_3, chequers_serial_rivers_micro_b
Lair:2:   layout_hall_layers, minmay_shoals_entry_centaurs,
          minmay_shattered_shrine, grunt_megastairs_2
Lair:3:   layout_cellular_growth, basic_altar, serial_bayou_pond_b,
          lemuel_fruit_fields
Lair:4:   layout_regular_city, minmay_snake_entry_guardpost_medium
Lair:5:   layout_hall_layers, gauntlet_entry_generic, grunt_megastairs_4
Lair:6:   evil_forest, layout_small_grid, minmay_slime_entry_oklob_enclosed,
          grunt_forest_large_clearings, infiniplex_staircase_pool
Shoals:1: layout_shoals, serial_shops, nicolae_square_shop, uniq_donald
Shoals:2: layout_shoals, ldierk_geyser, uniq_ilsuiw
Shoals:3: layout_shoals
Shoals:4: shoals_end_grunt_ice, layout_shoals, uniq_mara
Snake:1:  minmay_snake_river, layout_chambers, serial_shops, shop, st_stairs_11,
          serial_bayou_shore_b, minmay_shoptagon, serial_bayou_shore_b,
          grunt_megastairs_1, uniq_frances, uniq_rupert
Snake:2:  layout_misc_corridors, serial_shops, shop_statue,
          serial_bayou_crossing
Snake:3:  layout_chambers, serial_shops, shop, nicolae_snake_double_loop,
          uniq_vashnia, uniq_mlioglotl, uniq_roxanne
Snake:4:  johnstein_snake_rune_scales, layout_cave_town, minmay_shop_star,
          serial_bayou_shore_b
Orc:1:    layout_diamond_mine, okawaru_metal_pillars_1_2
Orc:2:    grunt_orc_tribal_feast, layout_caves, serial_shops, shop, mines1_david
Elf:1:    eino_elf_arrival_the_gate, layout_loops_cross, serial_shops,
          statue_bzr, evilmike_minifort, minivault_5, uniq_asterion
Elf:2:    nicolae_elf_blades_crystal_corner, layout_onion_city
Elf:3:    minmay_elf_hall_furrowed, layout_rooms, serial_corexii_hall,
          corexii_hall_statues_i, corexii_hall_statues_i, ebering_ghost_xom,
          nicolae_elf_big_sculpture_3, billiards_dpeg
Vaults:1: nicolae_vaults_octagons, ontoclasm_vaults_pinch,
          nicolae_vaults_rhombus_6, hangedman_vaults_cutoff,
          nicolae_vaults_little_ls, hangedman_vaults_hat,
          dpeg_vaults_monster_box, v_misc_11, vaults_standard_mumra_x,
          nicolae_vaults_shelves_hall, grunt_vaults_hallway_short,
          layout_vaults_omnicross, enter_trove_5
Vaults:2: nicolae_vaults_statue_guard, v_misc_14, v_pattern_4,
          ontoclasm_vaults_eye, minmay_crypt_entry_necro_gods, v_misc_27,
          nicolae_vaults_ring_of_whatevers, nicolae_vaults_big_ls,
          ontoclasm_vaults_chip, hangedman_vaults_trim, layout_vaults_omnigrid
Vaults:3: v_pattern_1, vaults_mumra_hex, nicolae_vaults_network_quincunx
          [nicolae_vaults_network_quincunx_subvault,
          nicolae_vaults_network_quincunx_subvault,
          nicolae_vaults_network_quincunx_subvault,
          nicolae_vaults_network_quincunx_subvault,
          nicolae_vaults_network_quincunx_subvault],
          nicolae_vaults_big_angled_halls, vaults_mumra_chevron_long,
          nicolae_vaults_what_the_h, v_misc_19, hangedman_vaults_stream,
          layout_vaults_chaotic_city, serial_shops,
          nicolae_shop_competitors_out_of_business
Vaults:4: ontoclasm_vaults_shuriken, nicolae_vaults_disjoint_gnomons,
          hangedman_vaults_nodes, nicolae_vaults_network_square, v_pattern_2,
          vaults_dpeg_diagonal, grunt_vaults_focal, v_alt_pattern_6,
          layout_vaults_maze
Vaults:5
Crypt:1:  layout_regular_city, grunt_crypt_arrival_webbed
Crypt:2:  layout_misc_corridors, due_unseen_surprise
Crypt:3:  church_of_pain_bobbens, layout_chaotic_city, serial_glass,
          glass_columns_a, glass_columns_c, uniq_sojobo, uniq_saint_roka
Tomb:1
Hell
Coc:1:    layout_ice_bergs
Coc:2:    layout_cocytus_water_paths
Coc:3:    layout_cocytus_water_paths
Coc:4:    layout_cocytus_water_paths
Coc:5:    layout_cocytus_delve
Coc:6:    nicolae_coc_on_the_berg
Coc:7:    coc_dpeg

Skill      XL: |  1  2  3  4  5  6  7  8  9 10 11 12 13 14 15 16 17 18 19 20 21 22 23 24 |
---------------+-------------------------------------------------------------------------+-----
Axes           | 3 4 5 6 7 9 12 15 17 19 20 21 22 23 24 25 26 27 | 27.0
Armour         | 4 5 6 7 8 9 11 12 13 14 15 16 17 18 19 20 22 23 | 23.7
Shields        | 4 5 6 7 8 9 11 12 13 14 15 16 17 18 19 20 21 | 21.3
Fighting       | 4 5 6 7 8 9 11 12 13 14 15 16 17 18 19 20 21 22 24 25 | 25.9
Dodging        | 1 4 6 8 9 10 11 12 13 14 15 16 17 | 17.3
Invocations    | 4 6 8 10 11 13 14 16 17 19 | 19.4

Action                   |  1- 3 |  4- 6 |  7- 9 | 10-12 | 13-15 | 16-18 | 19-21 | 22-24 | 25-27 || total
-------------------------+-------+-------+-------+-------+-------+-------+-------+-------+-------++-------
Melee: War axe           |    65 |   113 |       |    11 |    81 |     7 |       |       |       ||   277
       Headbutt          |     7 |    17 |    49 |   177 |   385 |   243 |   449 |   519 |    51 ||  1897
       Hand axe          |       |    36 |   236 |   709 |   893 |       |       |       |       ||  1874
       Trident           |       |       |       |     7 |       |       |       |       |       ||     7
       Broad axe         |       |       |       |       |   424 |   901 |  1309 |  1447 |   182 ||  4263
Throw: Dart              |       |     7 |       |       |       |       |       |       |       ||     7
       Throwing net      |       |       |       |       |     2 |       |       |       |       ||     2
Invok: Cleansing Flame   |       |       |       |       |       |     2 |       |    24 |     6 ||    32
       Summon Divine War |       |       |       |       |       |     1 |       |     1 |       ||     2
       Brand Weapon With |       |       |       |       |       |       |     1 |       |       ||     1
       Divine Shield     |       |       |       |       |       |       |       |     1 |       ||     1
Evoke: Wand              |       |       |       |       |       |       |     2 |     1 |       ||     3
  Use: Scroll            |       |     6 |     7 |    11 |     9 |     6 |     4 |     7 |     2 ||    52
       Potion            |       |       |     2 |       |     6 |     6 |     2 |     7 |       ||    23
 Stab: Held in net/web   |       |       |       |       |     2 |       |       |       |       ||     2
       Petrifying        |       |       |       |       |     2 |       |       |       |       ||     2
Armor: Scale mail        |    25 |    60 |       |       |       |       |       |       |       ||    85
       Ring mail         |       |    12 |    82 |   225 |       |       |       |       |       ||   319
       Crystal plate arm |       |       |       |    86 |   673 |   397 |   549 |   706 |    84 ||  2495
Dodge: Dodged            |    29 |    72 |    98 |   145 |   203 |   234 |   309 |   464 |    63 ||  1617
Block: Buckler           |    19 |    38 |    32 |       |       |       |       |       |       ||    89
       Kite shield       |       |       |    62 |   537 |  1168 |   863 |  1166 |  1320 |   108 ||  5224
       Reflection        |       |       |       |    17 |    26 |    88 |    55 |    89 |       ||   275
       Tower shield      |       |       |       |       |       |     4 |       |       |       ||     4
